 Dungeon Crawl Stone Soup version 0.31-a0-986-g5e6e4ef867 (webtiles) character file.

Game seed: 8612625991095236265

28 cowhearter the Sneak (level 3, 0/21 HPs)
             Began as an Octopode Enchanter on Nov 14, 2023.
             Slain by a hobgoblin (5 damage)
             ... on level 1 of the Dungeon.
             The game lasted 00:03:01 (639 turns).

cowhearter the Sneak (Octopode Enchanter)            Turns: 639, Time: 00:03:01

Health: 0/21       AC:  1    Str:  7    XL:     3   Next: 14%
Magic:  6/6        EV: 13    Int: 17    God:
Gold:   17         SH:  0    Dex: 14    Spells: 6/6 levels left

rFire   . . .        a - +1 dagger
rCold   . . .        (no shield)
rNeg    . . .        (helmet restricted)
rPois   .            (no amulet)
rElec   .            (no ring)
rCorr   .            (no ring)
SInv    .            (no ring)
Will    .....        (no ring)
Stlth   ++++         (no ring)
HPRegen 0.23/turn    (no ring)
MPRegen 0.10/turn    (no ring)
                     (no ring)

%: no passive effects
@: no status effects
A: almost no armour, amphibious, 8 rings, camouflage 1, gelatinous body 1,
(nimble swimmer 1), tentacles
a: no special abilities


You were on level 1 of the Dungeon.
You visited 1 branch of the dungeon, and saw 1 of its levels.

You collected 17 gold pieces.

Inventory:

Hand Weapons
 a - a +1 dagger (weapon)
Missiles
 i - 5 javelins
Scrolls
 c - a scroll of silence {unknown}
 d - a scroll of identify {unknown}
 e - a scroll of revelation {unknown}
 g - a scroll of noise {unknown}
Potions
 b - 2 potions of invisibility
 f - a potion of haste {unknown}
 h - a potion of enlightenment {unknown}


   Skills:
 + Level 0.1 Fighting
 * Level 1.6 Short Blades
 + Level 2.1 Dodging
 - Level 4.0 Stealth
 + Level 2.1 Spellcasting
 + Level 3.7 Hexes


You had 6 spell levels left.
You didn't know any spells.
Your spell library contained the following spells:

 Spells                   Type           Power      Damage    Failure   Level
 Confusing Touch          Hex            14%        N/A       13%         3
 Tukima's Dance           Hex            14%        N/A       13%         3
 Ensorcelled Hibernation  Hex/Ice        16%        N/A       14%         2
 Dazzling Flash           Conj/Hex       16%        N/A       26%         3


Dungeon Overview and Level Annotations

Branches:
Dungeon (1/15)

Altars:

Shops:
D:1 [


Innate Abilities, Weirdness & Mutations

You cannot wear most types of armour.
You are amphibious.
You can wear up to eight rings at the same time.
Your skin changes colour to match your surroundings (Stealth+).
Your rubbery body absorbs attacks. (AC +1, EV +1)
((You are camouflaged when in or above water. (Stealth+)))
You have tentacles for arms and can constrict up to eight enemies at once.


Message History

You hit the endoplasm. You squeeze the endoplasm.
You kill the endoplasm!
You start resting.
HP restored.
A rat comes into view.
Found a hand axe.
You hit the goblin.
You kill the goblin!
A bat comes into view.
You see here a +0 dagger.
The helpless rat fails to defend itself.
You impale the rat!!
You kill the rat!
An endoplasm comes into view.
Found 10 gold pieces.
The endoplasm quivers.
Found an escape hatch in the floor.
The endoplasm closely misses you.
You hit the endoplasm. You squeeze the endoplasm.
You kill the endoplasm!
A hobgoblin and a gnoll come into view.
The hobgoblin shouts!
The gnoll shouts!
The bat barely misses you. The gnoll misses you.
You hit the gnoll. Your grab misses the gnoll. Your squeeze misses the gnoll.
The gnoll is lightly wounded.
The bat hits you. The gnoll completely misses you. The bat hits you.
You hit the gnoll. You grab the gnoll.
The gnoll is moderately wounded.
You constrict the gnoll. The bat barely misses you.
The gnoll hits you with a +0 club!
You hit the gnoll but do no damage.
The gnoll is heavily wounded.
You constrict the gnoll. The bat barely misses you.
The gnoll hits you with a +0 club.
* * * LOW HITPOINT WARNING * * *
You hit the gnoll.
The gnoll is heavily wounded.
You constrict the gnoll. The bat hits you.
* * * LOW HITPOINT WARNING * * *
The hobgoblin hits you.
You die...

##......##.######.###.#
>. ..#.#...........#.#.#
# ##.....#.#########.#.#
#####..###..........##.#
.............#####..##.#
#########............#.#
#..#...#.###)#..#
#.#..#.#.###.#..#
...#.##.b.@g....##
#####. #...>g...##
..#..........# ..## .
#..#.......).. ....
..$............ ..##
................
#######.........
#.........


You could see a gnoll, a hobgoblin and a bat.

Vanquished Creatures
  4 endoplasms (D:1)
  A giant cockroach (D:1)
  3 goblins (D:1)
  2 hobgoblins (D:1)
  3 jackals (D:1)
  A quokka (D:1)
  3 bats (D:1)
  A frilled lizard (D:1)
  4 kobolds (D:1)
  3 rats (D:1)
25 creatures vanquished.

Notes
Turn   | Place    | Note
-------+----------+-------------------------------------------
     0 | D:1      | cowhearter the Octopode Enchanter began the quest for the
                  | Orb.
     0 | D:1      | Reached XP level 1. HP: 11/11 MP: 3/3
   106 | D:1      | Reached XP level 2. HP: 17/17 MP: 5/5
   167 | D:1      | Found Bodar's Antique Armour Boutique.
   574 | D:1      | Reached XP level 3. HP: 21/21 MP: 6/6
   639 | D:1      | Slain by a hobgoblin

Illustrated notes

Levels and vault maps discovered:
D:1:      dpeg_arrival_another_circle, layout_rooms, serial_shops, shop,
          hellmonk_ecumenical_altar_pennies_from_heaven,
          serial_co_window_serial, co_window_paths_a, co_window_corner_a,
          co_window_cross_1, co_window_paths_a, co_window_corner_a,
          co_window_paths_a, co_window_paths_b, co_window_cross_2,
          co_window_cross_2, co_window_broadway_b, glass_columns_a,
          glass_columns_a, minmay_ruptured

Action                     || total
---------------------------++-------
  Melee: Dagger            ||    48
         Constrict         ||     8
         Tentacles         ||     5
   Stab: Sleeping          ||    10
 Armour: Skin              ||    23
  Dodge: Dodged            ||    30

Table legend: (Time is in decaauts)
 A = Elapsed time spent in this place.
 B = Non-inter-level travel time spent in this place.
 C = Inter-level travel time spent in this place.
 D = Time resting spent in this place.
 E = Time spent auto-exploring this place.
 F = Levels seen in this place.
 G = Mean time per level.
                   A        B        C        D        E       F      G
               +--------+--------+--------+--------+--------+-----+--------+
         Total |    635 |    628 |      7 |     59 |    394 |   1 |  635.0 |
       Dungeon |    635 |    628 |      7 |     59 |    394 |   1 |  635.0 |
               +--------+--------+--------+--------+--------+-----+--------+

Top non-repeatable levels by time:
     D:1: 635 daAuts
